 Dungeon Crawl Stone Soup version 0.25-a0-420-g1cc7eeb0d1 (webtiles) character file.

Game seed: 16471730166068545989, levelgen mode: deterministic

111 Kohma the Shield-Bearer (level 5, -7/42 HPs)
             Began as a Formicid Fighter on Jan 18, 2020.
             Killed by divine providence
             ... invoked by an orc priest
              (10 damage)
             ... on level 3 of the Dungeon.
             The game lasted 00:03:27 (1804 turns).

Kohma the Shield-Bearer (Formicid Fighter)          Turns: 1804, Time: 00:03:27

Health: -7/42      AC:  9    Str: 21    XL:     5   Next: 15%
Magic:  5/5        EV:  8    Int:  8    God:
Gold:   181        SH:  9    Dex: 10    Spells: 4/4 levels left

rFire    . . .     SeeInvis +   a - +0 war axe
rCold    . . .     Gourm    .   c - +0 shield
rNeg     . . .     Faith    .   b - +0 scale mail
rPois    .         Spirit   .   (helmet unavailable)
rElec    .         Reflect  .   (no cloak)
rCorr    .         Harm     .   q - +1 pair of gloves
MR       .....                  (no boots)
Stlth    ..........             (no amulet)
HPRegen  0.14/turn              (no ring)
MPRegen  0.09/turn              (no ring)

@: no status effects
A: permanent stasis, dig shafts and tunnels, four strong arms, antennae 3
a: Dig, Shaft Self


You were on level 3 of the Dungeon.
You were not hungry.

You visited 1 branch of the dungeon, and saw 3 of its levels.

You collected 181 gold pieces.

Inventory:

Hand Weapons
 a - a +0 war axe (weapon)
Armour
 b - a +0 scale mail (worn)
 c - a +0 shield (worn)
 q - a +1 pair of gloves (worn)
Jewellery
 g - a +2 ring of intelligence {unknown}
 h - an uncursed ring of wizardry {unknown}
 l - an uncursed ring of poison resistance {unknown}
 n - an uncursed ring of stealth {unknown}
Wands
 p - a wand of flame (24)
 w - a wand of random effects (22)
Scrolls
 e - 6 scrolls of identify {unknown}
 k - a scroll of magic mapping {unknown}
 m - a scroll of remove curse {unknown}
 o - a scroll of teleportation {unknown}
 r - a scroll of enchant weapon {unknown}
 t - a scroll of enchant armour {unknown}
Potions
 d - 2 potions of might
 i - 3 potions of curing {unknown}
 j - a potion of berserk rage {unknown}
 s - a potion of brilliance {unknown}
 u - a potion of flight {unknown}
Comestibles
 f - 2 rations
 v - a chunk of flesh


   Skills:
 + Level 4.1 Fighting
 + Level 2.9 Axes
 + Level 4.1 Armour
 + Level 4.5 Shields


You had 4 spell levels left.
You didn't know any spells.
Your spell library was empty.

Dungeon Overview and Level Annotations

Branches:
Dungeon (3/15)

Altars:
Nemelex Xobeh
Uskayaw
Vehumet
Wu Jian
Xom


Innate Abilities, Weirdness & Mutations

You cannot be hasted, slowed, berserked, paralysed or teleported.
You can dig through walls and to a lower floor.
Your four strong arms can wield two-handed weapons with a shield.
You have a pair of large antennae on your head. (SInv)


Message History

* * * LOW HITPOINT WARNING * * *
You closely miss the orc priest. The orc priest hits you with a +0 whip.
* * * LOW HITPOINT WARNING * * *
You slash the orc priest!
The orc priest is heavily wounded.
You block the orc priest's attack.
You closely miss the orc priest.
The orc priest is heavily wounded.
The orc priest hits you with a +0 whip.
* * * LOW HITPOINT WARNING * * *
The orc priest looks encouraged for a moment.
You closely miss the orc priest.
The orc priest is heavily wounded.
The orc priest hits you with a +0 whip.
* * * LOW HITPOINT WARNING * * *
You hit the orc priest but do no damage.
The orc priest is heavily wounded.
The orc priest mumbles some strange prayers to Beogh against you.
Beogh smites you!
You die...

..... .... ... ..#
# ########..###...
#.
...............#
#<# #.# #..# .#.#
#o# #..# #.#.###
#@# #...##.##...
#.# #.##.#.#.###
#>#####.###.#.####
#.......##.#.## #.
####.##...##.####.
#.##.####.#....
#.##........#..
#.##.## #.#.)..
#.##.# #.##{#.


You could see an orc priest.

Vanquished Creatures
  3 adders (D:3)
  3 oozes
  4 worms
  3 dart slugs
  2 leopard geckos
  4 orcs (D:3)
  A ball python (D:1)
  A giant cockroach (D:2)
  6 goblins
  4 hobgoblins
  3 jackals (D:3)
  4 bats
  3 frilled lizards
  6 kobolds
  3 rats (D:1)
50 creatures vanquished.

Notes
Turn   | Place    | Note
-------+----------+-------------------------------------------
     0 | D:1      | Kohma the Formicid Fighter began the quest for the Orb.
     0 | D:1      | Reached XP level 1. HP: 18/18 MP: 1/1
   118 | D:1      | Reached XP level 2. HP: 24/24 MP: 2/2
   420 | D:1      | Reached XP level 3. HP: 29/29 MP: 3/3
   939 | D:2      | Reached XP level 4. HP: 33/37 MP: 4/4
  1267 | D:2      | Found an ornate altar of the Wu Jian Council.
  1272 | D:2      | Found a hide-covered altar of Uskayaw.
  1276 | D:2      | Found a radiant altar of Vehumet.
  1600 | D:3      | Found a sparkling altar of Nemelex Xobeh.
  1624 | D:3      | Found a shimmering altar of Xom.
  1795 | D:3      | Reached XP level 5. HP: 13/42 MP: 5/5
  1804 | D:3      | Killed from afar by an orc priest

Levels and vault maps discovered:
D:1:      dpeg_arrival_arbitrary_c, layout_loops_ring
D:2:      layout_loops_ring, grunt_temple_overflow_diamond,
          grunt_decor_one_mirror
D:3:      layout_loops_ring, xom_butterflies, nemelex_xobeh_ov_fountains_minmay,
          first_ration, uniq_terence

Skill      XL: |  1  2  3  4 |
---------------+-------------+-----
Shields        | 4 |  4.5
Fighting       | 4 |  4.1
Armour         | 4 |  4.1
Axes           | |  2.9

Action                   |  1- 3 |  4- 6 || total
-------------------------+-------+-------++-------
Melee: War axe           |    84 |   112 ||   196
  Eat: Chunk             |       |     3 ||     3
Armor: Scale mail        |    34 |    46 ||    80
Dodge: Dodged            |    31 |    33 ||    64
Block: Shield            |    38 |    60 ||    98

Table legend:
 A = Non-vault XP
 B = Vault XP
 C = Vault XP percentage of total XP
 D = Non-vault monster count
 E = Vault monster count
 F = Vault count percentage of total count
                 A         B        C        D         E       F
            +---------+---------+-------+---------+---------+-------
      Total |     159 |       0 |   0.0 |      50 |       0 |   0.0
            +---------+---------+-------+---------+---------+-------
        D:1 |      45 |       0 |   0.0 |      19 |       0 |   0.0
        D:2 |      37 |       0 |   0.0 |      13 |       0 |   0.0
        D:3 |      77 |       0 |   0.0 |      18 |       0 |   0.0
            +---------+---------+-------+---------+---------+-------
